Unix NetHack Version 5.0.0-0 post-release - last build May 23 2026 06:08:33 (1c0ff79ee797540d5714e4e18072db0edd9e58ae,branch:main).

Game began 2026-05-27 06:46:01, ended 2026-05-27 07:02:01.

Atomicjoy, chaotic male elven Wizard

                                          ---
                                         |..(|                           -
                                         |.@.---                  ---.---.-
                                         |h|...---               --........|
                                         -G---...--          ..---....[....|
                                         .   ---..------    .*..|.....---..---
                                         G     --.......|   |.........| |....|
                                                ----....|----........ ---....|
                                                   |....|.....--.....--....--
                                                    --....-----|..--.....--
                                                      -----   -#..----...-
                                                              #....--....
                                                              ---.....^..|
                                                                --.--....|
                                                                  - --..--
                                                                     |.--
                                                                 --- |.|
                                                                --.---.|
                                                                |.....<|
                                                                --.--.--
                                                                 ------
Atomicjoy the Evoker      St:10 Dx:11 Co:13 In:20 Wi:12 Ch:9  Chaotic
Dlvl:4  $:142 HP:0(25) Pw:13(13) AC:4  Xp:2/39 T:1204  Burdened

Latest messages:
 You fall down the stairs.
 You swap places with your kitten.
 A board beneath the gnome squeaks a G sharp loudly.
 You swap places with your kitten.
 You hear crashing rock.
 You hear some noises.
 The kitten bites it.
 Your kitten eats a dwarf corpse.
 The gnome hits!
 In what direction? 8
 The spell hits the gnome lord!
 You kill the gnome lord!
 Welcome to experience level 2.
 Are you waiting to get hit?  Use 'm' prefix to force a no-op (to rest).
 You don't have enough energy to cast that spell.
 In what direction? 8
 The spell hits the gnome!
 You kill the gnome!
 The spell hits the gnome!
 You kill the gnome!
 You have a little trouble lifting H - a partly used candle (lit).
 I - a green gem.
 You have a little trouble lifting J - a dagger.
 K - a pair of hard shoes.
 What do you want to wear? [K or ?*] K
 You finish your dressing maneuver.
 You swap places with your kitten.
 The kitten bites the dwarf.
 The dwarf is killed!
 Your kitten eats a dwarf corpse.
 You swap places with your kitten.
 There are several objects here.
 You have a little trouble lifting $ - 104 gold pieces (142 in total).
 L - a hooded cloak.
 A cloud of gas puts you to sleep!
 The hobbit wields an elven dagger!
 The hobbit thrusts his elven dagger.
 The hobbit hits!
 The hobbit thrusts his elven dagger.
 The hobbit hits!
 The gnome wields a thonged club!
 The gnome secures the tether on the thonged club.
 The hobbit thrusts his elven dagger.
 The hobbit hits!
 The gnome's candle is getting short.
 The hobbit thrusts his elven dagger.
 The hobbit hits!
 You die...
 Do you want your possessions identified? [ynq] (y) y
 Do you want to see your attributes? [ynq] (y) q

Inventory:
 Coins    ('$')
  $ - 142 gold pieces
 Weapons  (')')
  u - 11 cursed -1 elven arrows
  J - a +0 dagger
  y - 2 +0 elven daggers (alternate weapons; not wielded)
  a - a blessed +1 quarterstaff (weapon in hands)
 Armor    ('[')
  K - an uncursed +0 pair of iron shoes (being worn)
  b - an uncursed +0 cloak of magic resistance (being worn)
  L - an uncursed +0 dwarvish cloak
  C - an uncursed +1 leather armor (being worn)
 Comestibles  ('%')
  q - an uncursed food ration
  x - an uncursed lembas wafer
  w - 2 uncursed tripe rations
  D - 2 uncursed lichen corpses
 Scrolls  ('?')
  t - an uncursed scroll of destroy armor
  i - an uncursed scroll of enchant armor
  j - an uncursed scroll of enchant weapon
  G - a blessed scroll of identify
  h - an uncursed scroll of identify
  r - an uncursed scroll of magic mapping
  z - an uncursed scroll of remove curse
 Spellbooks  ('+')
  s - a blessed spellbook of chain lightning
  k - a blessed spellbook of force bolt
  F - an uncursed spellbook of healing
  l - an uncursed spellbook of magic missile
 Potions  ('!')
  f - 2 uncursed diluted potions of blindness
  B - an uncursed potion of gain energy
  A - 2 uncursed potions of healing
  p - an uncursed potion of oil
  g - an uncursed potion of paralysis
  E - an uncursed potion of water
 Rings    ('=')
  d - an uncursed ring of searching
  e - an uncursed ring of shock resistance
 Wands    ('/')
  o - a wand of cancellation (0:8)
  c - a wand of create monster (0:12)
 Tools    ('(')
  n - an uncursed leather drum
  m - a magic marker (0:21)
  H - an uncursed partly used wax candle (lit)
 Gems/Stones  ('*')
  I - an uncursed emerald
  v - an uncursed luckstone

Atomicjoy the Wizard's attributes:

Background:
 You were an Evoker, a level 2 male elven Wizard.
 You were chaotic, on a mission for Anhur
 who was opposed by Ptah (lawful) and Thoth (neutral).
 You were right-handed.
 You were in the Gnomish Mines, on level 4.
 You entered the dungeon 1204 turns ago.
 You had 39 experience points, 1 more was needed to attain level 3.

Basics:
 You had 0 out of 25 hit points.
 You had all 13 energy points (spell power).
 Your armor class was 4.
 Your wallet contained 142 zorkmids.
 Autopickup was off.

Final Characteristics:
 Your strength was 10 (limit:18).
 Your dexterity was 11 (limit:18).
 Your constitution was 13 (limit:16).
 Your intelligence was 20 (limit:20).
 Your wisdom was 12 (limit:20).
 Your charisma was 9 (limit:18).

Final Status:
 You weren't hungry.
 You were burdened; movement was slightly slowed.
 You were wielding a quarterstaff.
 You had basic skill with quarterstaff.

Final Attributes:
 You were devoutly aligned.
 You were magic-protected.
 You had infravision.
 You were warded.
 You were lucky.
 You had extra luck.
 Bad luck did not time out for you.
 Good luck did not time out for you.
 You are dead.

Miscellaneous:
 You didn't encounter any bones levels.
 Total elapsed playing time was 16 minutes.

Major events:
 Turn
    1: Atomicjoy the chaotic male elven Wizard entered the dungeon
 1079: entered the Gnomish Mines
 1204: killed by a hobbit, while sleeping

Spells:
 Name                 Level Category     Fail Retention
 force bolt             1   attack         0%  91%-100%
 magic missile          2   attack         0%  91%-100%
 chain lightning        2   attack         0%  91%-100%
 healing                1   healing        0%  76%-100%

Skills:
 Fighting Skills
   bare handed combat [Unskilled]
   riding             [Unskilled]
 Weapon Skills
   dagger             [Unskilled]
   knife              [Unskilled]
   axe                [Unskilled]
   short sword        [Unskilled]
   club               [Unskilled]
   mace               [Unskilled]
   quarterstaff       [Basic]
   polearms           [Unskilled]
   spear              [Unskilled]
   trident            [Unskilled]
   sling              [Unskilled]
   dart               [Unskilled]
   shuriken           [Unskilled]
 Spellcasting Skills
   attack spells      [Basic]
   healing spells     [Unskilled]
   divination spells  [Unskilled]
   enchantment spells [Basic]
   clerical spells    [Unskilled]
   escape spells      [Unskilled]
   matter spells      [Unskilled]

Voluntary challenges:
 Character rerolling was not enabled.
 You never genocided any monsters.
 You never polymorphed an object.
 You never changed form.
 You used no wishes.
Achievements:
 You entered a shop.
 You entered the Gnomish Mines.

 The Dungeons of Doom: levels 1 to 4
    Level 1:
    Level 2:
       A food shop, a grave.
    Level 3:
       A fountain.
       Stairs down to The Gnomish Mines.
    Level 4:
 The Gnomish Mines:
    Level 4: <- You were here.
       Final resting place for
          you, killed by a hobbit, while sleeping.


Vanquished creatures:
  a gnome leader
  2 dwarves
  a coyote
  2 hobbits
  a green mold
  2 gnomes
  2 geckos
  4 jackals
  2 foxes
  a kobold
  a goblin
  a sewer rat
  2 bats
  2 lichens
  3 newts
27 creatures vanquished.

No species were genocided or became extinct.

Game over:
                       ----------
                      /          \
                     /    REST    \
                    /      IN      \
                   /     PEACE      \
                  /                  \
                  |    Atomicjoy     |
                  |      142 Au      |
                  |   killed by a    |
                  |      hobbit      |
                  |                  |
                  |                  |
                  |       2026       |
                 *|     *  *  *      | *
        _________)/\\_//(\/(/\)/\//\/|_)_______

Goodbye Atomicjoy the Wizard...

You died in The Gnomish Mines on dungeon level 4 with 434 points,
and 142 pieces of gold, after 1204 moves.
You were level 2 with a maximum of 25 hit points when you died.

